 Dungeon Crawl Stone Soup version 0.19.0 (webtiles) character file.

8325 CanadianGator the Fighter (level 11, 0/97 HPs)
             Began as a Minotaur Fighter on Nov 25, 2016.
             Was an Elder of Yredelemnul.
             Hit by a tomahawk of returning thrown by an orc (2 damage)
             ... on level 11 of the Dungeon.
             The game lasted 00:37:14 (9810 turns).

CanadianGator the Fighter (Minotaur Fighter)        Turns: 9810, Time: 00:37:15

Health: 0/97       AC:  8    Str: 23    XL:     11   Next: 8%
Magic:  13/13      EV: 15    Int:  3    God:    Yredelemnul [****..]
Gold:   344        SH:  0    Dex: 11    Spells: 0 memorised, 10 levels left

rFire  + . .     SeeInvis +     C - +1 quarterstaff
rCold  x . .     Gourm    .     B - +0 robe "Xueveic" {*Corrode rN++ Int-2 Slay+4}
rNeg   + + .     Faith    .     (shield currently unavailable)
rPois  +         Spirit   .     (helmet restricted)
rElec  .         Reflect  .     M - +2 cloak
rCorr  .         Harm     .     (no gloves)
MR     .....                    (no boots)
Stlth  +.........               (no amulet)
                                t - ring of fire
                                l - ring of see invisible

@: confused, lethally poisoned (0 -> -1)
A: retaliatory headbutt, hooves 1, horns 2, iridescent scales 1, low mp 1,
poison resistance
a: Recall Undead Slaves, Injury Mirror, Animate Dead, Drain Life, Renounce
Religion


You were on level 11 of the Dungeon.
You worshipped Yredelemnul.
Yredelemnul was greatly pleased with you.
You were hungry.

You visited 1 branch of the dungeon, and saw 11 of its levels.
You also visited: Sewer.

You collected 514 gold pieces.
You spent 170 gold pieces at shops.

Inventory:

Hand Weapons
 a - a +0 trident
 C - a +1 quarterstaff (weapon)
Armour
 b - a +0 scale mail
 c - a +0 shield
 k - a +1 chain mail
 B - the +0 robe "Xueveic" (worn) {*Corrode rN++ Int-2 Slay+4}
   (You found it in a sewer)

   It affects your intelligence (-2).
   It affects your accuracy and damage with ranged weapons and melee attacks
   (+4).
   It greatly protects you from negative energy.
   It may corrode you when you take damage.
 H - a +0 plate armour
 M - a +2 cloak (worn)
Jewellery
 l - a ring of see invisible (left hand)
 t - a ring of fire (right hand)
Wands
 m - a wand of disintegration (24/24)
 q - a wand of enslavement (4/24)
 z - a wand of flame (26/48)
 J - a wand of paralysis (6/24)
 N - a wand of lightning (5/15)
 O - a wand of lightning (3/15)
 Q - a wand of lightning (9/15)
Scrolls
 h - a scroll of blinking {unknown}
 j - a scroll of immolation {unknown}
 n - 2 scrolls of teleportation {unknown}
 p - 2 scrolls of fog
 s - 4 scrolls of enchant weapon
 v - 2 scrolls of remove curse
 y - a scroll of fear
 D - 3 scrolls of recharging
 F - 3 scrolls of magic mapping
 K - 2 scrolls of random uselessness
 P - a scroll of enchant armour
 S - a scroll of amnesia {unknown}
 T - a scroll of vulnerability {unknown}
 U - a scroll of brand weapon {unknown}
Potions
 e - a potion of magic
 g - 7 potions of brilliance
 o - a potion of cancellation
 r - 2 potions of flight
 u - a potion of cure mutation {unknown}
 A - a potion of agility {unknown}
 E - a potion of berserk rage {unknown}
 R - a potion of degeneration {unknown}
Comestibles
 f - 6 bread rations
 i - 6 meat rations
 w - 2 fruits
 x - a beef jerky
 G - 2 royal jellies
 L - a slice of pizza


   Skills:
 + Level 9.5 Fighting
 + Level 8.7(10.0) Polearms
 + Level 7.8(9.6) Staves
 + Level 9.4 Armour
 + Level 7.3 Dodging
 - Level 4.6 Shields
 + Level 6.6 Invocations


You had 10 spell levels left.
You didn't know any spells.

Dungeon Overview and Level Annotations

Branches:
Dungeon (11/15)            Temple (0/1) D:7            Lair (0/6) D:9
    Orc (0/2) D:11

Altars:
Cheibriados
Elyvilon
Nemelex Xobeh
Okawaru
Qazlal
Xom
Yredelemnul
Beogh

Shops:
D:5 *   D:6 ([}}?


Innate Abilities, Weirdness & Mutations

You reflexively headbutt those who attack you in melee.
You have a pair of horns on your head.
You have large cloven feet.
You are partially covered in iridescent scales. (AC +2)
Your magical capacity is low. (-10% MP)
Your system is resistant to poisons. (rPois)


Message History

You bump into the closed door.
You bump into the closed door.
The orc wizard hits you with a dagger of venom.
* * * LOW HITPOINT WARNING * * *
You are poisoned.
The orc warrior completely misses you.
Unknown command.
You're too confused!
You bump into the rock wall.
You feel sick.
The orc throws a tomahawk of returning.
The tomahawk of returning misses you.
The orc wizard gestures at you while chanting.
The puff of flame hits you! You resist.
* * * LOW HITPOINT WARNING * * *
The orc warrior misses you.
You bludgeon the orc warrior!!
You headbutt the orc warrior, but do no damage.
The orc warrior is severely wounded.
The orc throws a tomahawk of returning.
The tomahawk of returning hits you.
You die...
Your body rises from the dead as a mindless zombie.

**+******** * *,* * ####
###+#####*** ****
...#############.......y,,****,,,
.....#..oo...o.'........,,**,+,,,
)†>....#########o.....o.,,+,,*,,,
......## #......o.,,****,,,
8...8## #oo..>...,,* *,,, ##o###
#@.$.....,,* *,,, .....#
##+######*** **** .....# *,,****
** .._..# **,,,,* *,
..o).#******* ******,***** **,
..o.o#,,,,,,* *,,,,,,,,,,* ***,,
######,,,,,,****,,,,,,,,,,* *,,,,
*,,,,,,,**,,,,,,,,,,,,***,*,,
*,,,,,,,*,,*,,,,,,,,,,**,,*,,


You could see a hornet, 2 orc warriors, an orc wizard and 2 orcs.

Vanquished Creatures
  An unseen horror (D:10)
  A hill giant (D:10)
  Joseph (D:7)
  A merfolk (D:10)
  A hippogriff (D:10)
  A vampire (D:10)
  The ghost of braincell the Chopper, an amateur MiBe of Trog (D:4)
  3 yaks (D:10)
  Menkaure (D:5)
  Edmund (D:5)
  2 water moccasins (D:9)
  Duvessa (D:6)
  An orc warrior (D:9)
  4 ice beasts
  A sky beast (D:8)
  The ghost of braincell the Chopper, an amateur MiBe of Trog (D:3)
  A phantom (D:8)
  6 ogres
  2 wolves (D:8)
  5 centaurs
  A crocodile (D:9)
  Blork the orc (D:5)
  3 big kobolds
  3 bullfrogs
  A wyvern skeleton (D:6)
  Dowan (D:6)
  9 wights
  5 crimson imps
  3 bullfrog zombies
  2 bullfrog skeletons
  7 hounds
  A centaur zombie (D:8)
  4 orc priests
  5 orc wizards
  5 worker ants
  A killer bee zombie (D:6)
  A hound skeleton (D:6)
  11 adders
  7 river rats
  A shadow imp (D:8)
  3 oozes
  A worm (D:3)
  A dart slug (D:4)
  6 leopard geckos
  11 orcs
  5 giant cockroaches
  4 goblins
  5 hobgoblins
  6 jackals
  5 quokkas
  7 ball pythons
  15 bats
  4 frilled lizards
  38 kobolds
  A quokka skeleton (D:5)
  27 rats
247 creatures vanquished.

Vanquished Creatures (collateral kills)
  Gastronok (D:10)
  Urug (D:10)
  3 yaks
  Grum (D:8)
  4 wights
  A crimson imp (D:10)
  A hound (D:5)
  3 bats (D:9)
  A kobold (D:8)
  6 rats
  2 fungi (D:9)
24 creatures vanquished.

Vanquished Creatures (others)
  2 flying skulls (D:10)
  3 yak zombies (D:10)
  A wight (D:10)
  A wolf zombie (D:8)
  A worker ant zombie (D:5)
  An elf zombie (D:6)
  A kobold zombie (Sewer)
  A leopard gecko zombie (D:5)
  3 orc zombies
  A rat zombie (Sewer)
  A fungus (D:9)
16 creatures vanquished.

Grand Total: 287 creatures vanquished

Notes
Turn   | Place    | Note
-------+----------+-------------------------------------------
     0 | D:1      | CanadianGator the Minotaur Fighter began the quest for the Orb.
     0 | D:1      | Reached XP level 1. HP: 19/19 MP: 0/0
   123 | D:1      | Reached XP level 2. HP: 26/27 MP: 1/1
   436 | D:1      | Reached XP level 3. HP: 27/33 MP: 2/2
   573 | D:1      | Reached skill level 1 in Dodging
   680 | D:1      | Found a sparkling altar of Nemelex Xobeh.
   943 | D:2      | Found a basalt altar of Yredelemnul.
  1145 | D:2      | Found a shimmering altar of Xom.
  1147 | D:2      | Found a glowing silver altar of Zin.
  1147 | D:2      | Found an iron altar of Okawaru.
  1149 | D:2      | Found a stormy altar of Qazlal.
  1149 | D:2      | Found a snail-covered altar of Cheibriados.
  1149 | D:2      | Found a shimmering altar of Xom.
  1586 | D:2      | Became a worshipper of Yredelemnul the Dark
  1989 | D:3      | Found a glowing drain.
  2020 | Sewer    | Entered a sewer
  2032 | Sewer    | Reached XP level 4. HP: 40/40 MP: 3/3
  2118 | Sewer    | Reached * piety under Yredelemnul
  2309 | Sewer    | Reached skill level 1 in Invocations
  2309 | Sewer    | Reached XP level 5. HP: 35/46 MP: 4/4
  2358 | Sewer    | Reached ** piety under Yredelemnul
  2388 | Sewer    | Got a brightly glowing robe
  2399 | Sewer    | Identified the +0 robe "Xueveic" {*Corrode rN++ Int-2 Slay+4} (You found it in a sewer)
  2718 | D:3      | Found an iron altar of Okawaru.
  2879 | D:3      | Noticed braincell's ghost (amateur MiBe)
  2885 | D:3      | Killed braincell's ghost
  2885 | D:3      | Reached skill level 1 in Staves
  2885 | D:3      | Reached XP level 6. HP: 42/53 MP: 6/6
  2912 | D:3      | Found a faded altar of an unknown god.
  2917 | D:3      | Reached skill level 5 in Armour
  3514 | D:4      | Noticed an ice beast
  3519 | D:4      | Killed an ice beast
  3519 | D:4      | Reached skill level 5 in Fighting
  3578 | D:4      | Noticed braincell's ghost (amateur MiBe)
  3587 | D:4      | Killed braincell's ghost
  3587 | D:4      | Reached XP level 7. HP: 4/61 MP: 7/7
  4043 | D:5      | Entered Level 5 of the Dungeon
  4044 | D:5      | Noticed Blork the orc
  4065 | D:5      | Killed Blork the orc
  4065 | D:5      | Reached skill level 5 in Polearms
  4091 | D:5      | Noticed Edmund
  4247 | D:5      | Killed Edmund
  4247 | D:5      | Reached *** piety under Yredelemnul
  4440 | D:5      | Noticed Menkaure
  4448 | D:5      | Killed Menkaure
  4448 | D:5      | Reached XP level 8. HP: 39/70 MP: 6/9
  4530 | D:5      | Found Kegoemm's Serpentskin Sales.
  4611 | D:6      | Found Oqoelatann's Antique Armour Shop.
  4625 | D:6      | Bought a cloak for 126 gold pieces
  4656 | D:6      | Found Wazxekua's Gadget Emporium.
  5019 | D:6      | Found Joittoeng's Antique Weapon Shoppe.
  5049 | D:6      | Found Zism's Gadget Shop.
  5089 | D:6      | Noticed Dowan
  5092 | D:6      | Noticed Duvessa
  5094 | D:6      | Killed Dowan
  5102 | D:6      | Killed Duvessa
  5245 | D:6      | Found a white marble altar of Elyvilon.
  5245 | D:6      | Found Bota's Magic Scroll Emporium.
  5302 | D:6      | Bought a scroll of identify for 22 gold pieces
  5302 | D:6      | Bought a scroll of identify for 22 gold pieces
  5310 | D:6      | Gained mutation: Your magical capacity is low. (-10% MP) [potion of mutation]
  5310 | D:6      | Gained mutation: Your system is resistant to poisons. (rPois) [potion of mutation]
  5310 | D:6      | Gained mutation: You have large cloven feet. [potion of mutation]
  5311 | D:6      | Gained mutation: You are partially covered in iridescent scales. (AC +2) [potion of beneficial mutation]
  5349 | D:6      | Your ally Dowan died
  5622 | D:6      | Reached XP level 9. HP: 74/78 MP: 9/9
  5768 | D:7      | Noticed Joseph
  5805 | D:7      | Killed Joseph
  5805 | D:7      | Reached skill level 5 in Staves
  5805 | D:7      | Reached skill level 5 in Dodging
  6301 | D:7      | Found a stormy altar of Qazlal.
  6728 | D:7      | Found a shimmering altar of Xom.
  6890 | D:7      | Found a staircase to the Ecumenical Temple.
  7212 | D:8      | Noticed Grum
  7233 | D:8      | Reached skill level 5 in Invocations
  7243 | D:8      | Killed Grum
  7485 | D:8      | Received a gift from Yredelemnul (a wight)
  8160 | D:9      | Reached **** piety under Yredelemnul
  8160 | D:9      | Reached XP level 10. HP: 89/89 MP: 11/11
  8207 | D:9      | Received a gift from Yredelemnul (2 flying skulls)
  8225 | D:9      | Found a staircase to the Lair.
  8243 | D:9      | Received a gift from Yredelemnul (a mummy)
  8674 | D:10     | Entered Level 10 of the Dungeon
  8701 | D:10     | Noticed Urug
  8703 | D:10     | Noticed Gastronok
  8716 | D:10     | Killed Urug
  8717 | D:10     | Received a gift from Yredelemnul (a wight)
  8727 | D:10     | Killed Gastronok
  8875 | D:10     | Noticed an unseen horror
  8927 | D:10     | Killed an unseen horror
  9011 | D:10     | Noticed a hill giant
  9020 | D:10     | Killed a hill giant
  9028 | D:10     | Reached XP level 11. HP: 51/97 MP: 13/13
  9747 | D:11     | Found a staircase to the Orcish Mines.
  9755 | D:11     | Found a roughly hewn altar of Beogh.
  9781 | D:11     | HP: 1/145 [orc warrior/dire flail (10)]
  9809 | D:11     | HP: 2/97 [orc wizard/puff of flame (3)]
  9810 | D:11     | Hit by a tomahawk of returning thrown by an orc

Skill      XL: |  1  2  3  4  5  6  7  8  9 10 |
---------------+-------------------------------+-----
Armour         | 4 5 6 7 8 9 |  9.4
Dodging        | 1 2 3 4 6 7 |  7.3
Fighting       | 4 5 6 8 9 |  9.5
Polearms       | 3 4 5 6 7 8 |  8.7
Shields        | 4 |  4.6
Invocations    | 1 2 3 4 5 6 |  6.6
Staves         | 1 2 3 4 6 7 |  7.8

Action                   |  1- 3 |  4- 6 |  7- 9 | 10-12 || total
-------------------------+-------+-------+-------+-------++-------
Melee: Trident           |   130 |   123 |       |       ||   253
       Headbutt          |    10 |    32 |    29 |    30 ||   101
       Quarterstaff      |       |    50 |   247 |   140 ||   437
       Kick              |       |       |    35 |    46 ||    81
Invok: Animate Remains   |       |     5 |     4 |       ||     9
       Recall Undead Sla |       |     1 |     3 |       ||     4
       Animate Dead      |       |       |    14 |     5 ||    19
       Drain Life        |       |       |       |     1 ||     1
  Use: Potion            |       |     1 |    18 |     7 ||    26
       Scroll            |       |     4 |    10 |     8 ||    22
 Stab: Sleeping          |       |     1 |       |       ||     1
       Invisible         |       |       |     2 |       ||     2
  Eat: Bread ration      |     1 |       |     3 |     1 ||     5
       Chunk             |       |     5 |     7 |     2 ||    14
       Fruit             |       |       |     1 |       ||     1
Armor: Scale mail        |    10 |       |       |       ||    10
       Chain mail        |    35 |    38 |       |       ||    73
       Robe              |       |    10 |    40 |    32 ||    82
       Skin              |       |       |    60 |    22 ||    82
Dodge: Dodged            |    29 |    57 |   141 |   113 ||   340
Block: Shield            |    61 |    44 |       |       ||   105
